Megumin, chaotic female elven Wizard -- ---- ---.--..| .......-- .......- -....... .....- -.G- |))| |*)| |).| |Z.-- -- |@......| |.--....| -.| ..-- ..... --- -..--- .. |.. -- Megumin the Thaumaturge Experience level: 8 Strength: 9 Dexterity: 11 Constitution: 14 Intelligence: 19 Wisdom: 14 Charisma: 10 Health: 0(41) Energy: 20(85) AC: 7 Gold: 868 Moves: 3211 Your Inventory: Coins $ - 868 gold pieces Weapons t - an [uncursed +0] crude dagger [orcish] H - a [blessed +0] dagger M - an [uncursed +0] dagger Q - 3 [blessed +2] daggers S - a [blessed +1] dagger W - an [uncursed +0] elven dagger named Sting [Sting] (weapon in hand) X - 2 [uncursed +1] daggers (in quiver) Armor b - an uncursed +0 cloak of magic resistance (being worn) x - an uncursed +0 elven leather helm (being worn) O - a [cursed -2] pair of jungle boots [kicking] T - an [uncursed +0] leather armor Comestibles Y - an [uncursed] lizard corpse Scrolls i - an uncursed scroll of enchant armor j - an uncursed scroll of food detection k - an uncursed scroll of identify u - an uncursed scroll labeled ASHPD [of confuse monster] C - an [uncursed] scroll labeled XIXAXA XOXAXA XUXAXA [of remove curse] J - an [uncursed] scroll labeled AQUE BRAGH [of create monster] P - an [uncursed] scroll of teleportation Z - an [uncursed] scroll labeled PHOL ENDE WODAN [of fire] Spellbooks l - a blessed spellbook of force bolt m - an uncursed spellbook of confuse monster K - an [uncursed] dark brown spellbook [of cause fear] Potions f - an uncursed potion of blindness g - a blessed potion of see invisible h - an uncursed potion of gain ability s - an uncursed fizzy potion [of levitation] D - an [uncursed] yellow potion [of monster detection] G - an [uncursed] steamy potion [of booze] L - an [uncursed] icy potion [of object detection] U - a [blessed] ruby potion [of enlightenment] Rings d - an uncursed ring of fire resistance (on right hand) e - an uncursed ring of poison resistance (on left hand) r - a blessed [+2] clay ring [of increase accuracy] Wands c - an uncursed wand of light (0:9) F - an [uncursed] orichalcum wand [of undead turning (0:5)] Tools n - an uncursed magic marker (0:71) o - an uncursed blindfold p - an uncursed wooden harp R - an [uncursed] towel V - an [uncursed] key [skeleton key] Spells known in the end: Name Level Category Fail Memory a - force bolt 1 attack 0% [|||||||.] b - confuse monster 2 enchantment 0% [|||||||.] Your skills at the end: Fighting Skills Weapon Skills quarterstaff [Basic / Expert] Spellcasting Skills attack spells [Basic / Expert] enchantment spells [Basic / Skilled] Final Attributes: You were piously aligned. Hunger level was 840. Your alignment was 25 / 26. Monster difficulty range was 1 - 7. Level difficulty was 7. You were immune to fire. You were immune to sleep. You were immune to poison. You were magic-protected. You saw invisible. You were aware of the presence of orcs. You had infravision. Your luck was zero. You are dead. Vanquished creatures: a gnome king a lizard a dog a dingo a snake a wood nymph a fog cloud a yellow light 2 gnome lords 4 giant ants a little dog a kitten 6 dwarves a kobold lord a rothe 2 dwarf zombies a wererat a werejackal an acid blob 2 coyotes 3 hobbits 2 manes a hobgoblin a cave spider a brown mold a green mold a red mold 30 gnomes a gecko 3 jackals 2 kobolds a goblin 2 sewer rats 4 grid bugs 2 bats 2 lichens 2 kobold zombies 4 newts 94 creatures vanquished. Voluntary challenges: You used a wielded weapon 47 times. You read items or engraved 2 times. You put on armor 2 times. You never genocided any monsters. You never polymorphed an object. You never changed form. You used no wishes. You never wrote Elbereth's name. You never encountered a bones level. You never used any Sokoban shortcuts. Dungeon overview: The Dungeons of Doom: levels 1 to 5 Level 1 a long staircase Level 2 an armor shop, an altar to Anhur Level 4 an altar to Anhur, a fountain stairs to The Gnomish Mines The Gnomish Mines: levels 5 to 7 Level 5 stairs to The Dungeons of Doom Level 7 <- You were here History has recorded: On T:1 you entered the Dungeons of Doom to retrieve the Amulet of Yendor! On T:119 you reached level 2 of The Dungeons of Doom. On T:526 you reached level 3 of The Dungeons of Doom. On T:536 you advanced to experience level 2. On T:707 you advanced to experience level 3. On T:1094 you received a fireproof quarterstaff of stealth from Anhur. On T:1207 you advanced to experience level 4. On T:1350 you reached level 4 of The Dungeons of Doom. On T:1559 you advanced to experience level 5. On T:1782 you reached level 5 of The Dungeons of Doom. On T:1938 you advanced to experience level 6. On T:2052 you reached level 1 of The Gnomish Mines. On T:2296 you advanced to experience level 7. On T:2546 you reached level 2 of The Gnomish Mines. On T:3135 you reached level 3 of The Gnomish Mines. On T:3169 you advanced to experience level 8. Latest messages: You kill the gnome! [2 turns] You have a little trouble lifting $ - 156 gold pieces. You have a little trouble lifting H - a dagger. You have a little trouble lifting Q - a dagger. There are several more objects here. You have a little trouble lifting Q - a dagger. You have a little trouble lifting M - a dagger. You have a little trouble lifting t - a crude dagger. [HP+1=19] [2 turns] You have a little trouble lifting Q - a dagger. There are several objects here. The ettin zombie hits! (2x) [HP-9=10] [2 turns] The spell hits the ettin zombie! The spell hits the ettin zombie! The ettin zombie hits! (2x) You die... Final status: Goodbye Megumin the Wizard... You died in The Gnomish Mines on dungeon level 7 with 4410 points, and 868 pieces of gold, after 3211 moves. You were level 8 with a maximum of 41 hit points when you died.